 Dungeon Sprint DCSS version 0.21-a0-434-g806c6c2 (webtiles) character file.

302 theanonym the Spear-Bearer (level 6, -4/57 HPs)
             Began as a Minotaur Fighter on Nov 8, 2017.
             Slain by a slime creature (10 damage)
             ... in the Dungeon (Sprint I: "Red Sonja").
             The game lasted 00:01:48 (218 turns).

theanonym the Spear-Bearer (Minotaur Fighter)        Turns: 218, Time: 00:01:49

Health: -4/57      AC:  7    Str: 23    XL:     6   Next: 14%
Magic:  5/5        EV:  8    Int:  5    God:
Gold:   126        SH: 10    Dex:  9    Spells: 5/5 levels left

rFire    . . .     SeeInvis .   a - +0 trident
rCold    . . .     Gourm    .   c - +0 shield
rNeg     . . .     Faith    .   k - +0 scale mail
rPois    .         Spirit   .   (helmet restricted)
rElec    .         Reflect  .   (no cloak)
rCorr    .         Harm     .   (no gloves)
MR       .....     NoTele   +   (no boots)
Stlth    ..........             (no amulet)
HPRegen  0.19/turn              (no ring)
MPRegen  0.09/turn              (no ring)

@: no status effects
A: retaliatory headbutt, horns 2
a: no special abilities


Innate Abilities, Weirdness & Mutations

You reflexively headbutt those who attack you in melee.
You have a pair of horns on your head.


   Skills:
 + Level 6.0 Fighting
 * Level 12.8 Polearms
 + Level 6.0 Armour
 + Level 6.0 Shields


You had 5 spell levels left.
You didn't know any spells.

Skill      XL: |  1  2  3  4  5  6 |
---------------+-------------------+-----
Polearms       | 7 11 12 | 12.8
Fighting       | 5 6 |  6.0
Armour         | 5 6 |  6.0
Shields        | 5 6 |  6.0

Action                   |  1- 3 |  4- 6 || total
-------------------------+-------+-------++-------
Melee: Trident           |    16 |    23 ||    39
       Headbutt          |     2 |     5 ||     7
  Use: Potion            |     1 |     1 ||     2
Armor: Scale mail        |     4 |     1 ||     5
Dodge: Dodged            |     2 |     3 ||     5
Block: Shield            |     6 |     3 ||     9

Inventory:

Hand Weapons
 a - a +0 trident (weapon)
Armour
 c - a +0 shield (worn)
 k - a +0 scale mail (worn)
Scrolls
 b - a scroll of blinking
Potions
 d - a potion of flight {unknown}
 h - a potion of haste
 i - 2 potions of magic
 j - a potion of berserk rage
 q - a potion of heal wounds
Comestibles
 f - a bread ration

Dungeon Overview and Level Annotations

Branches:
Dungeon (1/1)

Altars:
Makhleb
Sif Muna
Vehumet
Wu Jian
Xom
Jiyva
Lugonu You were in the Dungeon. You were not hungry. You visited 1 branch You collected 126 gold pieces.


Message History

You regained 15 hp, and now have 48/57 hp.
MP restored: 5
There is an open door here.
d - a bubbling green potion
Things that are here:
a scythe of freezing; a robe
e - a scythe of freezing Wield which item (- for none, * to show all)? (? for menu, Esc to quit)
You can't wield that with a shield.
Unknown command.
Drop what? 11/52 slots (_ for help) (? for menu, Esc to quit)
You drop a scythe of freezing.
Unknown command.
You start resting.
Health restored: 57 You open the door.
Found 54 gold pieces.
Found 54 gold pieces.
There is an open door here.
You now have 27 gold pieces.
You now have 54 gold pieces (gained 27).
You feel a little less mighty now.
You now have 81 gold pieces (gained 27).
You now have 108 gold pieces (gained 27).
You open the door.
A slime creature comes into view.
The slime creature quivers.
An arrow hits the slime creature!
Found four altars.
As you close the door, it creaks loudly!
You open the door.
Found a ring mail and 18 gold pieces.
Found a deep blue altar of Sif Muna.
Found an ornate altar of the Wu Jian Council.
A jelly comes into view.
The jelly moves out of view.
There is an open door here.
Found a radiant altar of Vehumet.
You see here a ring mail.
Attack whom?
Aim: a jelly You reach to attack!
You hit the jelly but do no damage. You hit the jelly.
Your hands burn!
You completely miss the jelly. The jelly hits you but does no damage.
You hit the jelly.
Your hands burn!
You block the jelly's attack.
You take 3 damage, and have 54/57 hp.
You puncture the jelly! The acid corrodes you!
Your hands burn!
You block the jelly's attack.
You take 5 damage, and have 49/57 hp.
You hit the jelly. The acid corrodes you!
Your hands burn!
You headbutt the jelly, but do no damage.
You take 5 damage, and have 44/57 hp.
You hit the jelly.
You kill the jelly!
Your Fighting skill increases to level 6!
Your Armour skill increases to level 6!
Your Shields skill increases to level 6!
No target in view!
You now have 126 gold pieces (gained 18).
You start resting.
You are no longer corroded.
You regained 4 hp, and now have 49/57 hp.
You start resting.
Health restored: 57 You see here a ring mail.
There is an open door here.
You open the door.
An arrow hits the slime creature, but does no damage!
Attack whom?
Aim: a slime creature You reach to attack!
You hit the slime creature. You puncture the slime creature!
You headbutt the slime creature. The slime creature hits you!
You take 12 damage, and have 45/57 hp.
MASSIVE DAMAGE!!
You hit the slime creature but do no damage.
Your shield and scale mail prevent you from hitting the slime creature.
The slime creature barely misses you. You furiously retaliate!
You headbutt the slime creature. You hit the slime creature.
You headbutt the slime creature! The slime creature hits you!!
* * * LOW HITPOINT WARNING * * *
You take 18 damage, and have 27/57 hp.
MASSIVE DAMAGE!!
You are too injured to fight recklessly!
You are too injured to fight recklessly!
You are too injured to fight recklessly!
You are too injured to fight recklessly!
You puncture the slime creature! You headbutt the slime creature!
The slime creature barely misses you.
You hit the slime creature. The slime creature closely misses you.
You puncture the slime creature! You headbutt the slime creature.
You hit the slime creature but do no damage.
The slime creature hits you!
* * * LOW HITPOINT WARNING * * *
You take 12 damage, and have 16/57 hp.
MASSIVE DAMAGE!!
You hit the slime creature.
Your headbutt misses the slime creature.
The slime creature hits you!
* * * LOW HITPOINT WARNING * * *
You take 10 damage, and have 6/57 hp.
You puncture the slime creature! The slime creature hits you!
You die...

################ ##
#<.#..)..#..'..#__#
#..[..#..').#.@J^.+
#..#####+#####'#__#
#..# #[# ## #..#
##.# #..# #+#_.+
#⌠⌠# +..._# ####
#_.#+# ##+


You could see a slime creature.

Notes
Turn   | Place    | Note
-------+----------+-------------------------------------------
     0 | D        | theanonym the Minotaur Fighter began the quest for the Orb.
     0 | D        | Reached XP level 1. HP: 19/19 MP: 0/0
     2 | D        | Noticed Ijyb
    14 | D        | Killed Ijyb
    14 | D        | Reached skill level 7 in Polearms
    14 | D        | Reached XP level 2. HP: 23/26 MP: 1/1
    51 | D        | Noticed an ogre
    55 | D        | Killed an ogre
    55 | D        | Reached skill level 11 in Polearms
    55 | D        | Reached XP level 3. HP: 31/31 MP: 2/2
    55 | D        | Reached XP level 4. HP: 39/39 MP: 3/3
    59 | D        | Noticed Sigmund
    65 | D        | Killed Sigmund
    65 | D        | Reached skill level 5 in Fighting
    65 | D        | Reached skill level 12 in Polearms
    65 | D        | Reached skill level 5 in Armour
    65 | D        | Reached skill level 5 in Shields
    65 | D        | Reached XP level 5. HP: 42/50 MP: 4/4
    65 | D        | Reached XP level 6. HP: 48/57 MP: 5/5
   122 | D        | Found a burning altar of Makhleb.
   122 | D        | Found a viscous altar of Jiyva.
   122 | D        | Found a shimmering altar of Xom.
   122 | D        | Found a corrupted altar of Lugonu.
   122 | D        | Noticed a slime creature
   127 | D        | Found a deep blue altar of Sif Muna.
   128 | D        | Found an ornate altar of the Wu Jian Council.
   130 | D        | Found a radiant altar of Vehumet.
   137 | D        | Reached skill level 6 in Fighting
   137 | D        | Reached skill level 6 in Armour
   137 | D        | Reached skill level 6 in Shields
   212 | D        | HP: 27/57 [slime creature (18)]
   217 | D        | HP: 6/57 [slime creature (10)]
   218 | D        | Slain by a slime creature

Vanquished Creatures
  Sigmund (D)
  An ogre (D)
  A jelly (D)
  Ijyb (D)
4 creatures vanquished.
